 Dungeon Crawl Stone Soup version 0.28.0-1-gb440e238dd (webtiles) character file.

Game seed: 5237528201122825223

682 Snicker the Sneak (level 7, -8/52 HPs)
             Began as a Demonspawn Delver on Feb 22, 2022.
             Was a Believer of Wu Jian.
             Killed by nerve-wracking pain
             ... invoked by an orc priest
              (12 damage)
             ... on level 5 of the Dungeon.
             The game lasted 00:16:53 (5573 turns).

Snicker the Sneak (Demonspawn Delver)               Turns: 5573, Time: 00:16:53

Health: -8/52      AC:  6    Str: 10 (12) XL:     7   Next: 34%
Magic:  7/7        EV: 16    Int: 11 (12) God:    Wu Jian [**....]
Gold:   197        SH:  0    Dex: 15 (18) Spells: 4/6 levels left

rFire   . . .      SeeInvis .   a - +0 short sword
rCold   . . .      Faith    .   (no shield)
rNeg    . . .      Spirit   .   b - +0 leather armour
rPois   .          Reflect  .   (helmet restricted)
rElec   .          Harm     .   u - scarf {+Inv}
rCorr   .          Rampage  .   (no gloves)
Will    .....                   q - +0 pair of boots
Stlth   +++.......              e - amulet of magic regeneration
HPRegen 0.17/turn               r - ring of flight
MPRegen 0.50/turn               s - +4 ring of evasion

@: mighty, brilliant, flying
A: antennae 1, yellow scales 1, powered by death 1, agile 1, wild magic 1
a: Renounce Religion, Evoke Invisibility, Wall Jump


You were on level 5 of the Dungeon.
You worshipped Wu Jian.
Wu Jian was pleased with you.
You visited 1 branch of the dungeon, and saw 6 of its levels.

You collected 197 gold pieces.

Inventory:

Hand Weapons
 a - a +0 short sword (weapon)
Armour
 b - a +0 leather armour (worn)
 q - a +0 pair of boots (worn)
 u - a scarf of invisibility (worn)
Magical Staves
 A - a staff of conjuration
Jewellery
 e - an amulet of magic regeneration (around neck)
 r - a ring of flight (left hand)
 s - a +4 ring of evasion (right hand)
 v - a ring of magical power
 w - a ring of resist corrosion
 F - a +6 ring of dexterity
Wands
 g - a wand of digging (2)
 i - a wand of paralysis (3)
 G - a wand of mindburst (16)
Scrolls
 c - a scroll of fog
 d - 2 scrolls of magic mapping
 h - a scroll of blinking {unknown}
 k - 2 scrolls of amnesia {unknown}
 m - a scroll of identify {unknown}
 o - a scroll of holy word {unknown}
 p - a scroll of teleportation {unknown}
 t - 2 scrolls of summoning {unknown}
 y - a scroll of vulnerability {unknown}
 C - 2 scrolls of acquirement {unknown}
Potions
 f - a potion of haste
 l - a potion of degeneration
 x - a potion of might
 B - a potion of lignification {unknown}
 D - a potion of ambrosia {unknown}
 E - a potion of berserk rage {unknown}


   Skills:
 + Level 3.4 Fighting
 * Level 4.5 Short Blades
 + Level 1.9 Armour
 + Level 2.2 Dodging
 * Level 6.8 Stealth
 * Level 1.8 Evocations


You had 4 spell levels left.
You knew the following spells:

 Your Spells              Type           Power      Damage    Failure   Level
a - Wereblood             Tmut           0%         N/A       65%         2

Your spell library contained the following spells:

 Spells                   Type           Power      Damage    Failure   Level
 Beastly Appendage        Tmut           0%         N/A       52%         1
 Spider Form              Tmut/Pois      0%         N/A       86%         3


Dungeon Overview and Level Annotations

Branches:
Dungeon (6/15)
 Temple: D:4-7

Altars:
Dithmenos
Wu Jian
Zin

Shops:
D:4 (

Annotations:
D:3 2 runed translucent doors, issech's ghost, amateur TrMo
D:6 exclusion: upstairs


Innate Abilities, Weirdness & Mutations

You have a pair of small antennae on your head.
You are partially covered in yellow scales. (AC +2)
You regenerate a little health from kills.
You are agile. (Dex +2)
Your spells are a little harder to cast, but a little more powerful.


Message History

The orc wizard casts a spell.
The orc wizard flickers and vanishes!
Deactivating autopickup; reactivate with Ctrl-A.
You reach down and open the door.
There is an open door here.
You start resting.
An orc priest is nearby!
An orc priest is nearby!
There is an open door here.
You hit the orc priest but do no damage.
The orc priest is lightly wounded.
You hit the orc priest.
The orc priest is moderately wounded.
The orc priest invokes the aid of Beogh against you.
Beogh smites you!
* * * LOW HITPOINT WARNING * * *
You hit the orc priest but do no damage.
The orc priest is moderately wounded.
The orc priest invokes the aid of Beogh against you.
Beogh smites you!
* * * LOW HITPOINT WARNING * * *
You hit the orc priest but do no damage.
The orc priest is moderately wounded.
The orc priest hits you but does no damage.
Unknown command.
It was a potion of degeneration.
There was something very wrong with that liquid.
You feel weakened.
You feel dopey.
You feel clumsy. The orc priest closely misses you.
It was a potion of might.
You feel very mighty all of a sudden.
The orc priest hits you but does no damage.
It was a potion of brilliance.
You feel clever all of a sudden.
The orc priest hits you but does no damage.
It was a potion of mutation.
You feel extremely strange.
You feel agile.
You feel less in control of your magic.
The orc priest invokes the aid of Beogh against you.
Pain shoots through your body!
You die...

######
####....#
#..#....#
#..@o...#
####o...####
###.....#
#.....# #.....#
#.....# ####
#....#######..#
#....#...#....#
#....#...#....#


You could see 2 orc priests.

Vanquished Creatures
  A black bear (D:4)
  2 ogres
  2 scorpions
  A killer bee (D:4)
  A centaur skeleton (D:4)
  Natasha (thrice) (D:2)
  An orc wizard (D:4)
  A gnoll (D:4)
  5 adders
  An adder skeleton (D:4)
  3 worms
  4 dart slugs
  6 ball pythons
  4 endoplasms
  A giant cockroach (D:2)
  5 goblins
  4 hobgoblins (D:1)
  2 jackals (D:3)
  3 quokkas
  10 bats
  2 frilled lizards
  4 kobolds
  8 rats
74 creatures vanquished.

Notes
Turn   | Place    | Note
-------+----------+-------------------------------------------
     0 | D:5      | Snicker the Demonspawn Delver began the quest for the Orb.
     0 | D:5      | Reached XP level 1. HP: 18/18 MP: 1/1
     6 | D:5      | Noticed a killer bee
     6 | D:5      | Noticed a killer bee
     7 | D:5      | Noticed a killer bee
     8 | D:5      | Noticed a killer bee
     9 | D:5      | Noticed a killer bee
    20 | D:6      | Noticed an ogre
    32 | D:6      | Noticed a centaur
   112 | D:5      | Noticed an ogre
   120 | D:5      | Noticed a scorpion
   126 | D:5      | Killed a scorpion
   127 | D:5      | Reached skill level 5 in Stealth
   127 | D:5      | Gained mutation: You have a pair of small antennae on your
                  | head. [demonic ancestry]
   127 | D:5      | Reached XP level 2. HP: 23/24 MP: 2/2
   127 | D:5      | Gained mutation: You are partially covered in yellow
                  | scales. (AC +2) [demonic ancestry]
   127 | D:5      | Reached XP level 3. HP: 28/29 MP: 3/3
   501 | D:3      | Reached XP level 4. HP: 24/35 MP: 4/4
   706 | D:3      | Found an ornate altar of the Wu Jian Council.
   910 | D:3      | Learned a level 2 spell: Wereblood
   915 | D:3      | Became a worshipper of the Wu Jian Council
  1220 | D:3      | Found a large runed translucent door.
  1220 | D:3      | Found a large runed translucent door.
  1222 | D:3      | Noticed issech's ghost (amateur TrMo)
  1543 | D:2      | Noticed Natasha
  1544 | D:2      | Killed Natasha
  1545 | D:2      | Reached XP level 5. HP: 37/41 MP: 5/5
  1613 | D:2      | Reached skill level 1 in Armour
  1652 | D:2      | Reached * piety under Wu Jian
  1659 | D:2      | Noticed Natasha
  1680 | D:2      | Killed Natasha
  1886 | D:2      | Noticed Natasha
  1910 | D:2      | Killed Natasha
  1911 | D:2      | Reached skill level 6 in Stealth
  2452 | D:1      | Found a faded altar of an unknown god.
  3540 | D:4      | Found Raqaf's Weapon Emporium.
  3612 | D:4      | Found a shadowy altar of Dithmenos.
  3615 | D:4      | Reached XP level 6. HP: 47/47 MP: 6/6
  3615 | D:4      | Reached ** piety under Wu Jian
  3728 | D:4      | Reached skill level 1 in Evocations
  4974 | D:4      | Gained mutation: You regenerate a little health from kills.
                  | [demonic ancestry]
  4974 | D:4      | Reached XP level 7. HP: 38/47 MP: 7/7
  5573 | D:5      | Gained mutation: You are agile. (Dex +2) [potion of
                  | mutation]
  5573 | D:5      | Gained mutation: Your spells are a little harder to cast,
                  | but a little more powerful. [potion of mutation]
  5573 | D:5      | Killed from afar by an orc priest

Illustrated notes

Levels and vault maps discovered:
D:1:      saegor_arrival_simple_e, layout_basic,
          shapermc_ecumenical_altar_starsandcircs
D:2:      layout_basic, minmay_pentomino_r4, uniq_natasha
D:3:      layout_loops_ring, nicolae_wu_jian_wuxing_cycle,
          ebering_ghost_disaster_area
D:4:      layout_loops_ring, jmf_multi_god_temple, serial_shops,
          nicolae_shop_crystal, minivault_24, kennysheep_opposing_triangles
D:5:      layout_gridville, cheibriados_altar_1
D:6:      gammafunk_steamed_eel, layout_basic, gup_sewer_entry_bowl,
          grunt_ministairs_12

Skill      XL: |  1  2  3  4  5  6 |
---------------+-------------------+-----
Short Blades   | 2 3 4 |  4.5
Stealth        | 5 6 |  6.8
Dodging        | 2 |  2.2
Armour         | 1 |  1.9
Evocations     | 1 |  1.8
Fighting       | |  3.4

Action                   |  1- 3 |  4- 6 |  7- 9 || total
-------------------------+-------+-------+-------++-------
Melee: Short sword       |    42 |   237 |    38 ||   317
       Punch             |       |     6 |     1 ||     7
Invok: Lunge             |       |    30 |     1 ||    31
       Whirlwind         |       |     6 |     2 ||     8
Evoke: Wand              |     7 |     1 |     3 ||    11
  Use: Scroll            |     1 |       |     1 ||     2
       Potion            |       |     1 |     5 ||     6
 Stab: Paralysed         |     3 |     1 |     1 ||     5
       Sleeping          |       |    27 |       ||    27
       Distracted        |       |     2 |       ||     2
Armor: Leather armour    |    18 |    51 |     7 ||    76
Dodge: Dodged            |    33 |   154 |    18 ||   205
